 Dungeon Crawl Stone Soup version 0.29-a0-378-gc08b2e8bf8 (webtiles) character file.

Game seed: 5344274079301718611

11631 jlumianski the Spear-Bearer (level 11, -3/84 HPs)
             Began as a Demonspawn Fighter on May 4, 2022.
             Was a Follower of Qazlal.
             Succumbed to barbed spike wounds
             ... on level 11 of the Dungeon.
             The game lasted 00:44:29 (12154 turns).

jlumianski the Spear-Bearer (Demonspawn Fighter)   Turns: 12154, Time: 00:44:31

Health: -3/84      AC: 30    Str: 21    XL:     11   Next: 51%
Magic:  13/13      EV: 12    Int: 10    God:    Qazlal [*.....]
Gold:   486        SH:  7    Dex: 12    Spells: 10/10 levels left

rFire   . . .      SeeInvis .   l - +8 spear "Kilusm" {venom, Will++}
rCold   + . .      Faith    .   c - +0 buckler
rNeg    . . .      Spirit   .   G - +0 plate armour
rPois   .          Reflect  .   n - +0 helmet
rElec   .          Harm     .   (no cloak)
rCorr   .          Rampage  .   J - +2 pair of gloves {hurl}
Will    ++...                   (no boots)
Stlth   ..........              N - amulet of magic regeneration
HPRegen 0.24/turn               B - +4 ring of protection
MPRegen 0.53/turn               I - +4 ring of protection

@: mighty, agile, spiked
A: icy blue scales 3, powered by pain 2, weakness stinger 2
a: Renounce Religion


You were on level 11 of the Dungeon.
You worshipped Qazlal.
Qazlal was aware of your devotion.
You visited 3 branches of the dungeon, and saw 13 of its levels.

You collected 846 gold pieces.
You spent 360 gold pieces at shops.

Inventory:

Hand Weapons
 l - the +8 spear "Kilusm" (weapon) {venom, Will++}
   (You found it on level 3 of the Dungeon)

   It poisons the flesh of those it strikes.
   Will:      It greatly increases your willpower.
 s - a +3 hunting sling of freezing
 O - a +4 eveningstar
Missiles
 b - 13 javelins
 k - 5 curare-tipped darts
 v - 9 poisoned darts (quivered)
 C - 2 throwing nets
 P - 10 boomerangs
Armour
 c - a +0 buckler (worn)
 n - a +0 helmet (worn)
 G - a +0 plate armour (worn)
 J - a +2 pair of gloves of hurling (worn)
Jewellery
 B - a +4 ring of protection (left hand)
 I - a +4 ring of protection (right hand)
 N - an amulet of magic regeneration (around neck)
Wands
 a - a wand of iceblast (9)
 x - a wand of paralysis (11)
 M - a wand of polymorph (9)
Scrolls
 m - 6 scrolls of teleportation
 q - 2 scrolls of fear
 y - a scroll of blinking
 D - 5 scrolls of silence
 L - a scroll of identify
Potions
 d - a potion of might
 f - 3 potions of attraction
 i - a potion of flight
 o - a potion of invisibility
 p - 4 potions of curing
 w - a potion of haste
 E - 4 potions of heal wounds
 H - 2 potions of lignification


   Skills:
 + Level 7.6 Fighting
 - Level 4.3(7.9) Axes
 + Level 10.3(10.7) Polearms
 + Level 1.8 Throwing
 + Level 8.5 Armour
 + Level 4.1 Dodging
 + Level 1.0 Stealth
 + Level 6.1 Shields
 * Level 3.5 Invocations


You had 10 spell levels left.
You didn't know any spells.
Your spell library contained the following spells:

 Spells                   Type           Power      Damage    Failure   Level
 Freeze                   Ice            0%         1d3       100%        1
 Sting                    Tmut/Pois      0%         1d3       100%        1
 Summon Small Mammal      Summ           0%         N/A       100%        1
 Corpse Rot               Necr/Air       0%         N/A       100%        2
 Poisonous Vapours        Pois/Air       0%         N/A       100%        2
 Call Canine Familiar     Summ           0%         N/A       100%        3
 Frozen Ramparts          Ice            0%         1d2       100%        3
 Summon Guardian Golem    Hex/Summ       0%         N/A       100%        3
 Tukima's Dance           Hex            0%         N/A       100%        3
 Hailstorm                Conj/Ice       0%         3d3       100%        4
 Olgreb's Toxic Radiance  Pois           0%         N/A       100%        4
 Passage of Golubria      Tloc           0%         N/A       100%        4
 Petrify                  Tmut/Erth      0%         N/A       100%        4
 Metabolic Englaciation   Hex/Ice        0%         N/A       100%        5
 Yara's Violent Unravell  Hex/Tmut       0%         3d3       100%        5
 Statue Form              Tmut/Erth      0%         N/A       100%        6


Dungeon Overview and Level Annotations

Branches:
Dungeon (11/15)            Temple (1/1) D:7            Lair (1/6) D:8
    Orc (0/2) D:10

Altars:
Ashenzari
Cheibriados
Dithmenos
Elyvilon
Fedhas
Gozag
Hepliaklqana
Kikubaaqudgha
Makhleb
Nemelex Xobeh
Okawaru
Qazlal
Ru
Sif Muna
Trog
Uskayaw
Vehumet
Wu Jian
Xom
Yredelemnul
Zin
The Shining One
Beogh

Shops:
D:2 (   D:6 *   D:7 =

Annotations:
D:7 3 runed translucent doors, Gloober's ghost, novice DgCj; Taurus's ghost, novice MiBe; YayAnonymity's ghost, novice GnFi; domi's ghost, novice DsWz; pokeman's ghost, novice DEWz


Innate Abilities, Weirdness & Mutations

You are completely covered in icy blue scales. (AC +4, rC+)
You sometimes gain power by taking damage.
You have a tail ending in a sharp stinger.


Message History

A manticore comes into view.
The electric eel shoots out a bolt of lightning at you!
The bolt of electricity hits you. The bolt of electricity hits you!
You focus on the pain.
You feel agile all of a sudden.
You puncture the electric eel!
The electric eel is severely wounded.
An electric eel comes into view.
Unknown command.
You hit the electric eel.
You kill the electric eel!
Qazlal accepts your kill.
You hear a splash.
The manticore flicks its tail.
The volley of spikes hits you!!
The barbed spikes become lodged in your body.
You focus on the pain.
You feel very mighty all of a sudden.
The barbs in your skin will harm you if you move.
Continue?
Okay, then.
The barbs in your skin will harm you if you move.
Continue?
The barbed spikes dig painfully into your body as you move.
The electric eel shoots out a bolt of lightning at you!
The bolt of electricity hits you.
* * * LOW HITPOINT WARNING * * *
The barbed spikes dig painfully into your body as you move.
* * * LOW HITPOINT WARNING * * *
The electric eel shoots out a bolt of lightning at you!
The bolt of electricity misses you.
The manticore flicks its tail.
The volley of spikes hits you but does no damage.
There is a stone staircase leading down here.
The manticore flicks its tail.
The volley of spikes hits you!
The barbed spikes become lodged in your body.
* * * LOW HITPOINT WARNING * * *
The electric eel shoots out a bolt of lightning at you!
The bolt of electricity hits you but does no damage.
The barbed spikes dig painfully into your body as you move.
You die...

##≈.... ≈≈≈≈≈≈. ≈≈≈≈≈≈≈
≈S≈≈≈≈≈ ≈≈≈≈≈≈≈ ≈≈≈≈≈≈≈
≈≈≈≈≈≈≈####################
≈≈≈≈≈oS...@..).............
≈≈≈≈≈≈H####################
≈≈≈≈≈≈# ..# # ≈≈≈≈≈#
#.##### ≈≈≈≈≈ #.#.... ≈≈≈≈
#######.#.### ≈≈≈ ......
........).# ≈≈≈
.....#########.###
.....#......#...#


You could see a manticore, an electric eel and an orc.

Vanquished Creatures
  Snorg (D:10)
  Josephine (D:10)
  A two-headed ogre (D:10)
  Urug (D:10)
  A cyclops (D:10)
  An ugly thing (D:10)
  Joseph (D:9)
  A kobold demonologist (D:7)
  An unseen horror (D:10)
  A hornet (D:10)
  Sigmund (D:2)
  5 wraiths
  13 yaks
  2 steam dragons (D:9)
  Edmund (D:5)
  2 water moccasins (D:8)
  3 orc warriors
  2 ice beasts
  5 sky beasts
  4 black bears
  An ogre (D:4)
  4 centaurs
  2 phantoms
  2 kobold brigands
  4 bullfrogs (D:8)
  3 gnoll sergeants
  3 scorpions
  A necrophage (D:4)
  A wight (D:7)
  A killer bee (D:6)
  3 electric eels
  6 howler monkeys
  A gnoll shaman (D:6)
  5 orc priests
  A hound (D:6)
  2 jellies (D:6)
  Ijyb (D:4)
  2 iguanas (D:6)
  Natasha (thrice) (D:3)
  7 orc wizards
  Robin (D:2)
  14 gnolls
  12 adders
  2 shadow imps
  4 white imps
  2 ufetubi
  A worm (D:4)
  29 orcs
  7 endoplasms
  4 giant cockroaches
  13 goblins
  7 hobgoblins
  8 jackals
  9 kobolds
  2 quokkas
  7 ball pythons
  8 bats
  3 frilled lizards
  4 rats
238 creatures vanquished.

Vanquished Creatures (others)
  A swamp drake (D:10)
  A bush (D:6)
2 creatures vanquished.

Grand Total: 240 creatures vanquished

Notes
Turn   | Place    | Note
-------+----------+-------------------------------------------
     0 | D:1      | jlumianski the Demonspawn Fighter began the quest for the
                  | Orb.
     0 | D:1      | Reached XP level 1. HP: 18/18 MP: 1/1
   196 | D:1      | Noticed a great orb of eyes
   199 | D:1      | Found a faded altar of an unknown god.
   201 | D:1      | Gained mutation: You are partially covered in icy blue
                  | scales. (AC +2) [demonic ancestry]
   201 | D:1      | Reached XP level 2. HP: 24/24 MP: 2/2
   206 | D:1      | Noticed a great orb of eyes
   207 | D:1      | Noticed a floating eye
   207 | D:1      | Noticed a great orb of eyes
   764 | D:1      | Gained mutation: You are mostly covered in icy blue scales.
                  | (AC +3) [demonic ancestry]
   764 | D:1      | Reached XP level 3. HP: 27/29 MP: 3/3
  1345 | D:3      | Identified the +8 spear "Kilusm" {venom, Will++}
  1503 | D:2      | Reached XP level 4. HP: 34/35 MP: 4/4
  1564 | D:2      | Noticed Sigmund
  1596 | D:2      | Killed Sigmund
  1597 | D:2      | Gained mutation: You have a small tail. [demonic ancestry]
  1597 | D:2      | Reached XP level 5. HP: 21/41 MP: 5/5
  1810 | D:2      | Noticed Robin
  1812 | D:2      | Reached skill level 1 in Dodging
  1822 | D:2      | Killed Robin
  1823 | D:2      | Gained mutation: You sometimes gain a little power by
                  | taking damage. [demonic ancestry]
  1823 | D:2      | Reached XP level 6. HP: 39/47 MP: 6/6
  1953 | D:2      | Found Gunil Xime's Weapon Shop.
  2395 | D:3      | Identified the +0 mace of Conscience {speed, rPois MP-9
                  | Int+3}
  2419 | D:3      | Noticed Natasha
  2423 | D:3      | Killed Natasha
  2424 | D:3      | Reached skill level 1 in Polearms
  2487 | D:3      | Noticed Natasha
  2492 | D:3      | Killed Natasha
  2496 | D:3      | Found a radiant altar of Vehumet.
  2739 | D:3      | Noticed Natasha
  2749 | D:3      | Killed Natasha
  2846 | D:3      | Reached skill level 2 in Polearms
  2846 | D:3      | Reached skill level 1 in Throwing
  3067 | D:3      | Gained mutation: You have a tail ending in a sharp stinger.
                  | [demonic ancestry]
  3067 | D:3      | Reached XP level 7. HP: 52/53 MP: 7/7
  3131 | D:4      | Reached skill level 3 in Polearms
  3295 | D:4      | Noticed Ijyb
  3303 | D:4      | Killed Ijyb
  3803 | D:5      | Entered Level 5 of the Dungeon
  3889 | D:4      | Reached skill level 4 in Polearms
  4116 | D:4      | Reached XP level 8. HP: 41/61 MP: 8/8
  4434 | D:5      | Reached skill level 5 in Fighting
  4950 | D:5      | Reached skill level 5 in Armour
  5136 | D:6      | Noticed Edmund
  5202 | D:5      | Reached skill level 5 in Polearms
  5352 | D:5      | Killed Edmund
  5874 | D:6      | Reached skill level 6 in Polearms
  5874 | D:6      | Gained mutation: You are completely covered in icy blue
                  | scales. (AC +4, rC+) [demonic ancestry]
  5874 | D:6      | Reached XP level 9. HP: 36/68 MP: 9/9
  6272 | D:6      | Found Sashreg's General Store.
  6406 | D:6      | Noticed a kobold demonologist
  6424 | D:6      | Noticed an orange demon
  6424 | D:7      | Found Zuykuum's Jewellery Shoppe.
  6454 | D:7      | Bought a +4 ring of protection for 360 gold pieces
  6480 | D:7      | Found an ancient bone altar of Kikubaaqudgha.
  6480 | D:7      | Found a shadowy altar of Dithmenos.
  6587 | D:7      | Found a staircase to the Ecumenical Temple.
  6598 | Temple   | Entered the Ecumenical Temple
  6697 | Temple   | Became a worshipper of Qazlal Stormbringer
  6835 | D:7      | Found a runed translucent gate.
  6835 | D:7      | Noticed domi's ghost (novice DsWz)
  6837 | D:7      | Found a runed translucent gate.
  6837 | D:7      | Noticed Taurus's ghost (novice MiBe)
  6837 | D:7      | Noticed YayAnonymity's ghost (novice GnFi)
  6837 | D:7      | Noticed Gloober's ghost (novice DgCj)
  6838 | D:7      | Found a runed translucent gate.
  6838 | D:7      | Noticed pokeman's ghost (novice DEWz)
  7405 | D:6      | Noticed a hellwing
  7416 | D:7      | Killed a kobold demonologist
  7417 | D:7      | Reached skill level 7 in Polearms
  7676 | D:6      | Found a sparkling altar of Nemelex Xobeh.
  8031 | D:8      | Found a hide-covered altar of Uskayaw.
  8104 | D:8      | Found a staircase to the Lair.
  8335 | D:8      | Reached XP level 10. HP: 74/76 MP: 10/10
  8346 | D:8      | Reached skill level 8 in Polearms
  8486 | D:8      | Reached * piety under Qazlal
  9522 | D:9      | Noticed Joseph
  9603 | D:9      | Killed Joseph
  9893 | D:10     | Entered Level 10 of the Dungeon
  9952 | D:10     | Noticed Snorg
  9968 | D:10     | Killed Snorg
  9969 | D:10     | Reached skill level 9 in Polearms
  9969 | D:10     | Reached skill level 1 in Stealth
  9969 | D:10     | Reached skill level 5 in Shields
 10127 | D:10     | Noticed a cyan ugly thing
 10147 | D:10     | Killed a cyan ugly thing
 10329 | D:10     | Noticed a cyclops
 10334 | D:10     | Noticed Josephine
 10420 | D:11     | Gained mutation: You sometimes gain power by taking damage.
                  | [demonic ancestry]
 10420 | D:11     | Reached XP level 11. HP: 80/84 MP: 11/11
 10720 | D:10     | Reached skill level 1 in Invocations
 10825 | D:10     | Killed Josephine
 10826 | D:10     | Reached skill level 10 in Polearms
 11044 | D:10     | Reached ** piety under Qazlal
 11136 | D:10     | Found a staircase to the Orcish Mines.
 11341 | D:10     | Noticed Urug
 11363 | D:10     | Killed Urug
 11381 | D:10     | Noticed a two-headed ogre
 11389 | D:10     | Killed a two-headed ogre
 11972 | Lair:1   | Entered Level 1 of the Lair of Beasts
 12153 | D:11     | HP: 2/84 [manticore/volley of spikes (17)]
 12154 | D:11     | Succumbed to barbed spike wounds

Illustrated notes

Levels and vault maps discovered:
D:1:      dpeg_arrival_boxes_within_box, layout_loops_cross,
          hellmonk_ecumenical_altar_watching_god
D:2:      layout_basic, serial_shops, shop, uniq_sigmund, uniq_robin
D:3:      layout_basic, mainiacjoe_overflow_cross_hatched,
          kennysheep_orc_chapel, uniq_natasha
D:4:      layout_basic, amcnicky_mini_rare_corridor_liquid, uniq_ijyb
D:5:      layout_loops_ring
D:6:      cheibrodos_barr_body, layout_loops_corners, overflow_temple_1_default,
          serial_shops, nicolae_shop_trees, serial_bayou_pond_a,
          kb_lookout_dungeons_type, nicolae_elevator_lobby_asterisk, uniq_edmund
D:7:      layout_loops_cross, tso_metal_star, minitemple,
          minmay_temple_entry_proselytizer, serial_shops, nicolae_stop_n_shop_2,
          gammafunk_ghost_cemetery
D:8:      layout_gridville, mainiacjoe_overflow_small_starburst,
          lair_entry_dummy, water_maze_lemuel
D:9:      layout_gridville, uniq_joseph
D:10:     layout_cave_pods, erik_orc_1, nicolae_figureground_sparkle,
          uniq_josephine, uniq_snorg, uniq_urug
D:11:     layout_basic, nicolae_gozag_seed_capital
Temple:   compressed_dpeg_circular_temple
Lair:1:   beast_lair_carwin_large_2, layout_hall_layers,
          infiniplex_staircase_pool, grunt_megastairs_1, uniq_gastronok

Skill      XL: |  1  2  3  4  5  6  7  8  9 10 11 |
---------------+----------------------------------+-----
Axes           | 2 3 4 |  4.3
Armour         | 3 4 5 7 8 |  8.5
Dodging        | 1 2 3 4 |  4.1
Polearms       | 2 4 6 7 9 10 | 10.3
Shields        | 3 4 5 6 |  6.1
Throwing       | 1 |  1.8
Fighting       | 4 5 6 7 |  7.6
Stealth        | 1 |  1.0
Invocations    | 3 |  3.5

Action                   |  1- 3 |  4- 6 |  7- 9 | 10-12 || total
-------------------------+-------+-------+-------+-------++-------
Melee: War axe           |   120 |       |       |       ||   120
       Spear             |     8 |    94 |   356 |   316 ||   774
       Tailslap          |       |     8 |    51 |    51 ||   110
Throw: Stone             |     8 |     9 |       |       ||    17
       Dart              |       |       |     2 |    10 ||    12
Invok: Upheaval          |       |       |       |     3 ||     3
  Use: Scroll            |     5 |     6 |     8 |     4 ||    23
       Potion            |       |       |       |     2 ||     2
Armor: Scale mail        |    98 |    29 |    46 |       ||   173
       Plate armour      |       |       |   137 |   160 ||   297
Dodge: Dodged            |    85 |    29 |   105 |    59 ||   278
Block: Buckler           |    43 |    11 |    57 |    86 ||   197

Table legend: (Time is in decaauts)
 A = Elapsed time spent in this place.
 B = Non-inter-level travel time spent in this place.
 C = Inter-level travel time spent in this place.
 D = Time resting spent in this place.
 E = Time spent auto-exploring this place.
 F = Levels seen in this place.
 G = Mean time per level.
                   A        B        C        D        E       F      G
               +--------+--------+--------+--------+--------+-----+--------+
         Total |  12070 |  11772 |    298 |    892 |   7648 |  13 |  928.5 |
       Dungeon |  11921 |  11623 |    298 |    892 |   7648 |  11 | 1083.7 |
        Temple |    144 |    144 |      0 |      0 |      0 |   1 |  144.0 |
          Lair |      4 |      4 |      0 |      0 |      0 |   1 |    4.0 |
               +--------+--------+--------+--------+--------+-----+--------+

Top non-repeatable levels by time:
    D:10: 1783 daAuts
     D:6: 1719 daAuts
     D:8: 1373 daAuts
     D:2: 1252 daAuts
     D:5: 1065 daAuts
     D:1: 1042 daAuts
     D:4: 976 daAuts
     D:7: 849 daAuts
     D:3: 827 daAuts
     D:9: 718 daAuts
    D:11: 313 daAuts
  Temple: 144 daAuts
  Lair:1: 4 daAuts
